 Dungeon Crawl Stone Soup version 0.25-a0-35-g747a2b3c0c (webtiles) character file.

Game seed: 1252068555412142463, levelgen mode: deterministic

9081 Esekla the Thaumaturge (level 11, -4/54 HPs)
             Began as a Deep Elf Wizard on Oct 19, 2019.
             Was a Believer of Ashenzari.
             Killed from afar by an ice dragon (16 damage)
             ... with a blast of cold
             ... in an ice cave.
             The game lasted 02:39:55 (12046 turns).

Esekla the Thaumaturge (Deep Elf Wizard)           Turns: 12046, Time: 02:39:56

Health: -4/54      AC:  9    Str:  7    XL:     11   Next: 18%
Magic:  0/28       EV: 15    Int: 24    God:    Ashenzari [**....]
Gold:   301        SH:  0    Dex: 13    Spells: 16/33 levels left

rFire    + . .     SeeInvis +   h - +2 scimitar (holy)
rCold    . . .     Gourm    .   (no shield)
rNeg     . . .     Faith    .   Q - +1 robe {MR+} (curse)
rPois    .         Spirit   +   B - +0 helmet
rElec    .         Reflect  .   K - +0 cloak
rCorr    .         Harm     .   b - +0 pair of gloves
MR       ++...                  T - +0 pair of boots
Stlth    +++.......             j - amulet of guardian spirit
HPRegen  0.18/turn              D - ring of see invisible
MPRegen  0.21/turn              S - ring of stealth

@: about to teleport
A: iridescent scales 1, fire resistance 1
a: Curse Item, Scrying, Renounce Religion


You were in an ice cave.
You worshipped Ashenzari.
Ashenzari was pleased with you.
You were hungry.

You visited 3 branches of the dungeon, and saw 13 of its levels.
You also visited: Sewer and Ice Cave.

You collected 886 gold pieces.
You spent 585 gold pieces at shops.

Inventory:

Hand Weapons
 a - a +0 long sword of venom
 h - a +2 scimitar of holy wrath (weapon)
 s - a +4 dagger
 t - a +1 trident of protection
 v - a +2 vampiric dagger
 N - a cursed +5 great sword of freezing
Missiles
 o - 74 poisoned darts
 p - 5 boomerangs (quivered)
 r - 7 silver javelins
Armour
 b - a +0 pair of gloves (worn)
 B - a +0 helmet (worn)
 K - a +0 cloak (worn)
 Q - a cursed +1 robe of magic resistance (worn)
 T - a +0 pair of boots (worn)
Jewellery
 j - an amulet of guardian spirit (around neck)
 m - an uncursed ring of fire
 D - a ring of see invisible (left hand)
 S - a ring of stealth (right hand)
Wands
 y - a wand of paralysis (9)
 z - a wand of polymorph (7)
 E - a wand of random effects (15)
 I - a wand of iceblast (6)
 J - a wand of enslavement (9)
 O - a wand of scattershot (6)
 R - a wand of digging (6)
Scrolls
 c - a scroll of teleportation
 e - 5 scrolls of remove curse
 g - 3 scrolls of enchant weapon {unknown}
 k - a scroll of immolation {unknown}
 u - a scroll of magic mapping {unknown}
 C - a scroll of fog {unknown}
 H - 2 scrolls of amnesia {unknown}
 L - 3 scrolls of acquirement {unknown}
 P - 3 scrolls of enchant armour {unknown}
 U - 2 scrolls of blinking {unknown}
 V - a scroll of identify
Potions
 i - 5 potions of curing
 l - 2 potions of agility
 A - 2 potions of resistance
 F - 2 potions of cancellation
 G - 2 potions of invisibility
Comestibles
 d - 14 rations


   Skills:
 + Level 4.5(4.8) Short Blades
 + Level 2.3(3.5) Long Blades
 + Level 6.3 Dodging
 - Level 2.6 Stealth
 * Level 11.8 Spellcasting
 + Level 7.2 Conjurations
 + Level 5.4 Charms
   Level 1.1 Summonings
 * Level 5.4 Necromancy
 + Level 5.3 Translocations
 * Level 1.6 Fire Magic
 * Level 4.4 Ice Magic
 + Level 5.2 Air Magic
 + Level 5.0 Poison Magic


You had 16 spell levels left.
You knew the following spells:

 Your Spells              Type           Power        Failure   Level  Hunger
a - Magic Dart            Conj           ####         1%          1    None
b - Blink                 Tloc           N/A          1%          2    None
c - Mephitic Cloud        Conj/Pois/Air  #####...     1%          3    None
f - Conjure Flame         Conj/Fire      #####...     2%          3    None
r - Regeneration          Chrm/Necr      #####.....   1%          3    None
v - Poisonous Vapours     Pois/Air       #####.       1%          2    None
z - Ozocubu's Armour      Chrm/Ice       #####...     1%          3    None

Your spell library contained the following spells:

 Spells                   Type           Power        Failure   Level  Hunger
 Animate Skeleton         Necr           N/A          1%          1    None
 Freeze                   Ice            ####         1%          1    None
 Pain                     Necr           ####         1%          1    None
 Throw Frost              Conj/Ice       #####.       1%          2    None
 Vampiric Draining        Necr           #####.....   1%          3    None
 Call Imp                 Summ           ###.....     4%          2    None
 Animate Dead             Necr           N/A          4%          4    None
 Throw Icicle             Conj/Ice       #####...     4%          4    None
 Slow                     Hex            ##......     7%          2    None
 Summon Ice Beast         Ice/Summ       ####....     14%         4    None
 Freezing Cloud           Conj/Ice/Air   #####.....   54%         6    #####..
 Ring of Flames           Chrm/Fire      ####......   100%        7    ######.


Dungeon Overview and Level Annotations

Branches:
Dungeon (11/15)            Temple (1/1) D:4            Lair (1/6) D:8
    Orc (0/2) D:9           Sewer (visited)           IceCv (1/1)

Altars:
Ashenzari
Cheibriados
Dithmenos
Elyvilon
Fedhas
Gozag
Hepliaklqana
Kikubaaqudgha
Makhleb
Nemelex Xobeh
Okawaru
Qazlal
Ru
Sif Muna
Trog
Uskayaw
Vehumet
Wu Jian
Xom
Yredelemnul
Zin
The Shining One
Beogh

Shops:
D:9 *

Annotations:
IceCv exclusion: 2 ice statues


Innate Abilities, Weirdness & Mutations

You are partially covered in iridescent scales. (AC +2)
Your flesh is heat resistant. (rF+)


Message History

The ice dragon is engulfed in blazing flames.
The ice dragon bites you! The ice dragon claws you! The ice dragon misses you.
The ice dragon breathes frost at you. The blast of cold hits you!!
* * * LOW HITPOINT WARNING * * *
Your icy armour cracks and falls away as you move.
The ice dragon is engulfed in blazing flames.
The ice dragon breathes frost at you. The blast of cold misses you.
Casting: Ozocubu's Armour (safe; 1% risk of failure)
Confirm with . or Enter, or press ? or * to list all spells.
You blink.
Casting: Blink (safe; 1% risk of failure)
Confirm with . or Enter, or press ? or * to list all spells.
You don't have enough magic to cast that spell.
As you read the scroll of teleportation, it crumbles to dust.
You feel strangely unstable. The ice dragon breathes frost at you.
The blast of cold hits you!!
You die...

##.##≈≈≈# ,##.#
#..##≈≈≈# ,##..#
##.##≈≈≈≈## #...#
#..##≈≈≈≈≈#####..#
##.###≈≈≈≈##..D#.##
#.#.##≈≈≈≈#.D#...#
##.###≈≈≈≈##D##..#
#..###≈≈≈##..#.##
##..##≈≈≈###@###
#..####≈##...#
##.## ###..###
###..# ##..##
#.#.## #..## ##..##
#..# .....# #..#
.....## #.##
......# ##.#


You could see 2 ice dragons.

Vanquished Creatures
  Pikel (D:6)
  2 kobold demonologists (D:7)
  2 rime drakes (IceCv)
  Grinder (D:5)
  A hippogriff (D:7)
  Sigmund (D:5)
  A human (D:8)
  A wyvern (D:5)
  Eustachio (D:4)
  A hungry ghost (D:8)
  A water moccasin (D:7)
  4 sky beasts
  A porcupine (Lair:1)
  8 orc warriors
  17 ice beasts
  2 black bears
  A phantom (D:7)
  11 ogres
  3 centaurs
  A crocodile (Lair:1)
  A big kobold (Sewer)
  5 bullfrogs
  A wyvern skeleton (D:9)
  3 scorpions
  6 killer bees
  5 wights (D:9)
  2 crimson imps
  Crazy Yiuf (D:7)
  5 orc priests
  A jelly (D:4)
  A bullfrog skeleton (D:9)
  2 centaur skeletons (D:8)
  6 hounds
  An iguana (D:6)
  12 orc wizards
  6 worker ants
  A hound skeleton (D:5)
  A worker ant zombie (D:5)
  A howler monkey skeleton (D:7)
  3 gnolls (D:7)
  6 adders
  A river rat (Sewer)
  4 shadow imps
  5 worms
  2 dart slugs (D:3)
  11 leopard geckos
  25 orcs
  7 bats
  4 giant cockroaches
  5 goblins
  9 hobgoblins
  7 jackals
  A quokka (D:4)
  A ball python (D:4)
  6 frilled lizards
  2 jackal skeletons
  A jackal zombie (D:8)
  12 kobolds
  A quokka zombie (D:5)
  6 rats
  A fungus (D:7)
242 creatures vanquished.

Vanquished Creatures (collateral kills)
  An orc wizard (D:6)
1 creature vanquished.

Vanquished Creatures (others)
  A black bear (D:6)
  An orc wizard (D:6)
  An adder skeleton (D:9)
  2 orcs (D:6)
5 creatures vanquished.

Grand Total: 248 creatures vanquished

Notes
Turn   | Place    | Note
-------+----------+-------------------------------------------
     0 | D:1      | Esekla the Deep Elf Wizard began the quest for the Orb.
     0 | D:1      | Reached XP level 1. HP: 10/10 MP: 7/7
   134 | D:2      | Found a snail-covered altar of Cheibriados.
   168 | D:2      | Reached skill level 5 in Spellcasting
   168 | D:2      | Reached XP level 2. HP: 15/15 MP: 6/10
   172 | D:2      | Learned a level 2 spell: Blink
   554 | D:1      | Reached XP level 3. HP: 19/19 MP: 7/11
   559 | D:1      | Learned a level 3 spell: Mephitic Cloud
   563 | D:1      | Learned a level 3 spell: Conjure Flame
  1300 | D:2      | Reached skill level 1 in Air Magic
  1494 | D:3      | Reached XP level 4. HP: 24/24 MP: 7/13
  1600 | D:3      | Found a glowing drain.
  1708 | Sewer    | Entered a sewer
  1834 | Sewer    | Noticed a big kobold
  1878 | Sewer    | Killed a big kobold
  1878 | Sewer    | Reached skill level 1 in Poison Magic
  1878 | Sewer    | Reached XP level 5. HP: 26/28 MP: 11/15
  1926 | Sewer    | Found a white marble altar of Elyvilon.
  3149 | D:3      | Gained mutation: You are partially covered in iridescent
                  | scales. (AC +2) [potion of mutation]
  3149 | D:3      | Gained mutation: You are frail. (-10% HP) [potion of
                  | mutation]
  3149 | D:3      | Lost mutation: You are frail. (-10% HP) [potion of
                  | mutation]
  3149 | D:3      | Gained mutation: Your flesh is heat resistant. (rF+)
                  | [potion of mutation]
  3214 | D:4      | Reached skill level 1 in Short Blades
  3214 | D:4      | Reached skill level 6 in Spellcasting
  3221 | D:4      | Reached XP level 6. HP: 32/32 MP: 14/17
  3305 | D:4      | Noticed Eustachio
  3359 | D:4      | Killed Eustachio
  3402 | D:4      | Found a sacrificial altar of Ru.
  3521 | D:4      | Found a snail-covered altar of Cheibriados.
  3666 | D:4      | Found a staircase to the Ecumenical Temple.
  3935 | D:4      | Reached XP level 7. HP: 30/36 MP: 3/18
  3980 | D:4      | Found a burning altar of Makhleb.
  4204 | Temple   | Entered the Ecumenical Temple
  4252 | Temple   | Became a worshipper of Ashenzari the Shackled
  4281 | D:5      | Entered Level 5 of the Dungeon
  4737 | D:5      | Reached skill level 7 in Spellcasting
  4833 | D:5      | Reached XP level 8. HP: 41/41 MP: 9/20
  4872 | D:5      | Noticed Sigmund
  4876 | D:5      | Learned a level 3 spell: Ozocubu's Armour
  4889 | D:5      | Killed Sigmund
  4962 | D:5      | Noticed Grinder
  5004 | D:5      | Killed Grinder
  5004 | D:5      | Reached skill level 5 in Conjurations
  5187 | D:6      | Found a bloodstained altar of Trog.
  5270 | D:6      | Reached skill level 8 in Spellcasting
  5374 | D:6      | Noticed Pikel
  5398 | D:6      | Killed Pikel
  5398 | D:6      | Reached skill level 5 in Translocations
  5398 | D:6      | Reached XP level 9. HP: 41/45 MP: 7/23
  5405 | D:6      | Found a radiant altar of Vehumet.
  5455 | D:6      | Reached skill level 1 in Charms
  5558 | D:6      | Found an ornate altar of the Wu Jian Council.
  5565 | D:6      | Learned a level 3 spell: Regeneration
  5755 | D:6      | Reached skill level 1 in Ice Magic
  5949 | D:6      | Reached skill level 9 in Spellcasting
  6149 | D:6      | Reached skill level 1 in Necromancy
  6344 | D:6      | Found an iron altar of Okawaru.
  6470 | D:7      | Reached skill level 1 in Fire Magic
  6558 | D:7      | Found an opulent altar of Gozag.
  6981 | D:7      | Found a transporter.
  7014 | D:7      | Reached * piety under Ashenzari
  7067 | D:7      | Reached skill level 10 in Spellcasting
  7204 | D:7      | Found a transporter.
  7206 | D:7      | Noticed a kobold demonologist
  7208 | D:7      | Noticed a kobold demonologist
  7602 | D:7      | Found a runed translucent door.
  7603 | D:7      | Noticed Crazy Yiuf
  7629 | D:7      | Killed Crazy Yiuf
  7756 | D:7      | Noticed a rust devil
  7758 | D:7      | Killed a kobold demonologist
  7758 | D:7      | Reached skill level 5 in Air Magic
  7758 | D:7      | Reached XP level 10. HP: 38/50 MP: 11/26
  8105 | D:8      | Found a glowing golden altar of the Shining One.
  8180 | D:8      | Found a shadowy altar of Dithmenos.
  8235 | D:8      | Found a faded altar of an unknown god.
  8235 | D:8      | Found a glowing silver altar of Zin.
  8240 | D:8      | Found a sparkling altar of Nemelex Xobeh.
  8242 | D:8      | Found a faded altar of an unknown god.
  8243 | D:8      | Found a hazy altar of Hepliaklqana.
  8477 | D:8      | Found a radiant altar of Vehumet.
  8602 | D:9      | Found a hide-covered altar of Uskayaw.
  8675 | D:8      | Reached skill level 5 in Dodging
  8680 | D:8      | Found a runed translucent door.
  8712 | D:8      | Found a basalt altar of Yredelemnul.
  9080 | D:8      | Found a staircase to the Lair.
  9090 | Lair:1   | Entered Level 1 of the Lair of Beasts
  9188 | Lair:1   | Reached skill level 11 in Spellcasting
  9428 | D:9      | Found Jel Ashaudghi's Demolitions Depot.
  9485 | D:9      | Bought a book of Clouds for 585 gold pieces
  9490 | D:9      | Learned a level 2 spell: Poisonous Vapours
  9735 | D:9      | Reached skill level 5 in Charms
 10157 | D:9      | Found a staircase to the Orcish Mines.
 10226 | D:9      | Found a roughly hewn altar of Beogh.
 10398 | D:10     | Entered Level 10 of the Dungeon
 10873 | D:11     | Reached ** piety under Ashenzari
 10881 | D:11     | Found a frozen archway.
 10949 | IceCv    | Entered an ice cave
 10961 | IceCv    | Reached skill level 1 in Long Blades
 10970 | IceCv    | Reached XP level 11. HP: 51/54 MP: 13/28
 11420 | IceCv    | Reached skill level 5 in Necromancy
 11434 | IceCv    | Reached skill level 5 in Poison Magic
 12026 | IceCv    | Noticed an ice dragon
 12026 | IceCv    | Noticed an ice dragon
 12046 | IceCv    | Killed from afar by an ice dragon

Levels and vault maps discovered:
D:1:      nzn_arrival_water_spiral, layout_loops_ring, minmay_crystal_room
D:2:      layout_rooms, cheibriados_altar_1
D:3:      layout_basic, portal_sewer_entry_f
D:4:      wad_woods_pond, layout_basic, nicolae_overflow_hidden_temple,
          lemuel_round_altar, lemuel_doored_altar, first_ration,
          minmay_hedge_maze, uniq_eustachio
D:5:      minmay_evil_eye, layout_cave_pools, uniq_sigmund, uniq_grinder
D:6:      layout_gridville, okawaru_altar_gauntlet_db, kennysheep_mini,
          lemuel_crystal_altar, basic_altar, uniq_pikel
D:7:      gammafunk_wand_slinger, layout_basic, grunt_gozag_statues,
          uniq_crazy_yiuf_cottage
D:8:      layout_rooms, vehumet_crystals, tso_oasis_becter,
          chequers_temple_overflow_minitemple, lair_entry_dummy, basic_altar,
          grunt_ogre_cave, dk_yredelemnul_ordeal
D:9:      layout_roguey, nicolae_overflow_crystal_walls,
          minmay_orc_entry_temple_small, minmay_door_square,
          chequers_decorated_corner, nicolae_blasting_shop, grunt_decor_cap
D:10:     layout_loops_corners, lemuel_mausoleum_altar_kikubaaqudgha,
          uniq_maurice, uniq_josephine
D:11:     layout_roguey, portal_ice_cave_entry_pillars_1, minmay_nine_imps
Temple:   eino_wide_crystal_templ
Lair:1:   layout_regular_city
IceCv:    ice_cave_small_dragons

Skill      XL: |  1  2  3  4  5  6  7  8  9 10 11 |
---------------+----------------------------------+-----
Spellcasting   | 5 6 7 8 10 11 | 11.8
Air Magic      | 1 2 3 4 5 |  5.2
Conjurations   | 2 3 4 5 6 7 |  7.2
Translocations | 2 3 5 |  5.3
Poison Magic   | 1 2 3 4 5 |  5.0
Short Blades   | 1 2 3 4 |  4.5
Dodging        | 3 4 5 6 |  6.3
Charms         | 4 5 |  5.4
Ice Magic      | 2 4 |  4.4
Necromancy     | 3 4 5 |  5.4
Fire Magic     | 1 |  1.6
Long Blades    | 1 2 |  2.3
Stealth        | |  2.6
Summonings     | |  1.1

Action                   |  1- 3 |  4- 6 |  7- 9 | 10-12 || total
-------------------------+-------+-------+-------+-------++-------
Melee: Short sword       |    11 |     8 |       |       ||    19
       Dagger            |     1 |    99 |   310 |   293 ||   703
       Trident           |       |       |     9 |   229 ||   238
       Scimitar          |       |       |       |    59 ||    59
       Long sword        |       |       |       |    13 ||    13
Throw: Dart              |    33 |    51 |   141 |    65 ||   290
       Javelin           |       |       |       |     5 ||     5
       Boomerang         |       |       |       |    10 ||    10
 Cast: Magic Dart        |    73 |    37 |   117 |    91 ||   318
       Conjure Flame     |     4 |     3 |    12 |    37 ||    56
       Mephitic Cloud    |     3 |     8 |    27 |    16 ||    54
       Blink             |       |     7 |    22 |    21 ||    50
       Ozocubu's Armour  |       |       |    12 |    23 ||    35
       Regeneration      |       |       |     1 |    12 ||    13
       Poisonous Vapours |       |       |       |    11 ||    11
Invok: Curse Item        |       |       |       |     1 ||     1
Evoke: Wand              |       |       |     1 |     3 ||     4
  Use: Scroll            |       |     6 |     4 |     3 ||    13
       Potion            |       |     2 |       |     7 ||     9
 Stab: Sleeping          |     3 |     7 |       |     4 ||    14
       Confused          |     1 |     9 |    18 |     2 ||    30
       Distracted        |     1 |       |       |       ||     1
       Paralysed         |       |       |     3 |       ||     3
  Eat: Chunk             |     1 |     7 |     8 |     4 ||    20
       Ration            |       |       |     2 |     3 ||     5
Armor: Robe              |     2 |    12 |    71 |   116 ||   201
       Skin              |       |     7 |       |       ||     7
Dodge: Dodged            |    13 |    54 |   184 |   302 ||   553
       Rpst.: Scimitar   |       |       |       |    26 ||    26
       Long sword        |       |       |       |     9 ||     9

Table legend:
 A = Non-vault XP
 B = Vault XP
 C = Vault XP percentage of total XP
 D = Non-vault monster count
 E = Vault monster count
 F = Vault count percentage of total count
                 A         B        C        D         E       F
            +---------+---------+-------+---------+---------+-------
      Total |    7018 |    5955 |  45.9 |     176 |      67 |  27.6
            +---------+---------+-------+---------+---------+-------
        D:1 |      40 |       0 |   0.0 |      25 |       0 |   0.0
        D:2 |      51 |       0 |   0.0 |      14 |       0 |   0.0
        D:3 |     115 |      17 |  12.9 |      17 |       6 |  26.1
        D:4 |     377 |     202 |  34.9 |      16 |       1 |   5.9
        D:5 |     643 |     715 |  52.7 |      10 |       6 |  37.5
        D:6 |    1311 |     494 |  27.4 |      28 |       7 |  20.0
        D:7 |    1369 |     963 |  41.3 |      18 |       9 |  33.3
        D:8 |    1479 |     262 |  15.0 |      23 |       4 |  14.8
        D:9 |     637 |     655 |  50.7 |      11 |       9 |  45.0
       D:10 |     400 |       0 |   0.0 |       5 |       0 |   0.0
       D:11 |     261 |       0 |   0.0 |       6 |       0 |   0.0
     Lair:1 |     335 |       0 |   0.0 |       3 |       0 |   0.0
      Sewer |       0 |     119 | 100.0 |       0 |       9 | 100.0
      IceCv |       0 |    2528 | 100.0 |       0 |      16 | 100.0
            +---------+---------+-------+---------+---------+-------
